Panthers vs Sharks
Created - April 29, 2018 at 22:43
Goals
|
| Panthers |
1 |
1 |
0 |
2 |
| Sharks |
2 |
2 |
3 |
7 |
|
Shots
|
| Panthers |
16 |
7 |
14 |
37 |
| Sharks |
9 |
13 |
10 |
32 |
|
1st period
1. Sharks , David Legwand 29 (Ted Purcell 36) at 7:27 (PP)
2. Sharks , Damien Brunner 8 (Frans Nielsen 23) at 11:13
3. Panthers , Jeff Tambellini 13 (Brayden Schenn 23, Jonathan Sigalet 17) at 19:09
Penalties :
Daniel Sedin (Flo) for Hooking (Minor) at 3:29, Jonathan Sigalet (Flo) for High sticking (Minor) at 7:14, Jeff Tambellini (Flo) for Hooking (Minor) at 19:58
2nd period
4. Sharks , Nick Palmieri 17 (Mark Stuart 17, Pavel Datsyuk 56) at 0:36 (PP)
5. Sharks , Ted Purcell 24 (David Legwand 53, Maxim Afinogenov 35) at 4:14
6. Panthers , Daniel Sedin 14 (Cory Emmerton 31, Patrick Marleau 19) at 15:01
Penalties :
No Penalty
3rd period
7. Sharks , Erik Cole 5 (Damien Brunner 16, Andrej Sekera 13) at 0:53
8. Sharks , Ryane Clowe 15 (Pavel Datsyuk 57, Nick Palmieri 15) at 11:11
9. Sharks , Frans Nielsen 31 (Damien Brunner 17) at 18:23
Penalties :
Jiri Tlusty (SJS) for Hooking (Minor) at 8:39, Erik Gudbranson (Flo) for Hooking (Minor) at 16:03, Maxim Afinogenov (SJS) for Hooking (Minor) at 18:54
Goalie Stats
Antti Niemi (Flo), 15 saves from 18 shots - (0.833), 35:46 minutes
Petr Mrazek (Flo), 10 saves from 14 shots - (0.714), L, 8-14-3, 24:14 minutes
Tyler Weiman (SJS), 35 saves from 37 shots - (0.946), W, 16-22-4, 60:00 minutes
Players Stats for Panthers
Player Name G A P +/- PIM S H SB GA TA FO MP PP MP PK MP
------------------------------------------------------------------------------------
Alexander Perezhogin 0 0 0 -2 0 0 1 0 0 0 0/0 13:53 0:04 0:00
Brayden Schenn 0 1 1 1 0 4 4 1 0 0 8/17 17:53 1:33 3:16
Brendan Smith 0 0 0 -2 0 1 2 2 0 2 0/0 21:23 1:31 3:10
Cory Emmerton 0 1 1 -1 0 1 0 0 1 0 6/19 18:35 1:27 0:22
Daniel Paille 0 0 0 -1 0 3 0 1 1 0 0/1 9:34 0:04 1:02
Daniel Sedin 1 0 1 -1 2 3 1 2 0 0 0/2 18:16 1:27 0:00
Drew Stafford 0 0 0 -1 0 3 0 0 0 0 2/3 21:15 1:27 3:02
Erik Gudbranson 0 0 0 -2 2 0 1 3 3 0 0/0 18:00 1:31 0:00
George Parros 0 0 0 -1 0 1 0 0 1 1 0/0 8:07 0:00 0:00
Ian White 0 0 0 -2 0 2 2 2 0 1 0/0 22:43 1:33 0:00
Jeff Tambellini 1 0 1 1 2 5 2 0 0 0 0/0 14:53 1:33 0:00
Jonathan Matsumoto 0 0 0 -1 0 1 1 1 0 0 2/4 8:07 0:00 0:00
Jonathan Sigalet 0 1 1 0 2 3 0 1 0 1 0/0 16:15 0:00 1:39
Matthew Spiller 0 0 0 1 0 1 1 0 0 0 0/0 15:54 0:00 1:39
Michal Rozsival 0 0 0 -1 0 3 3 2 2 0 0/0 25:43 1:33 3:10
Patrick Marleau 0 1 1 -2 0 2 1 1 0 0 0/1 14:55 0:04 0:45
Shawn Horcoff 0 0 0 -2 0 2 0 0 0 0 4/7 14:47 0:00 1:11
Tomas Kopecky 0 0 0 1 0 2 2 1 0 0 0/0 14:54 1:33 0:00
Players Stats for Sharks
Player Name G A P +/- PIM S H SB GA TA FO MP PP MP PK MP
------------------------------------------------------------------------------------
Andrej Sekera 0 1 1 1 0 0 0 0 0 1 0/0 19:27 1:34 1:01
Chris Campoli 0 0 0 1 0 2 1 1 0 0 0/0 18:26 1:34 0:00
Damien Brunner 1 2 3 3 0 3 2 0 1 0 0/0 11:51 0:00 0:39
David Legwand 1 1 2 0 0 5 1 1 1 0 19/32 21:58 2:51 1:51
Erik Cole 1 0 1 3 0 3 2 0 0 1 0/0 13:03 0:00 1:51
Frans Nielsen 1 1 2 3 0 2 1 0 0 0 5/6 12:23 0:00 0:54
Jiri Tlusty 0 0 0 0 2 2 0 0 0 0 0/0 8:32 0:00 0:00
Kevin Shattenkirk 0 0 0 0 0 2 1 3 0 1 0/0 27:21 3:15 2:03
Mark Giordano 0 0 0 2 0 0 1 2 0 1 0/0 13:12 0:00 0:00
Mark Stuart 0 1 1 0 0 2 4 3 0 0 0/0 27:21 3:15 2:03
Maxim Afinogenov 0 1 1 0 2 2 3 0 0 2 0/0 20:41 2:51 0:18
Maxim Kondratiev 0 0 0 2 0 0 2 1 0 0 0/0 14:13 0:00 1:01
Nick Palmieri 1 1 2 0 0 1 0 0 0 0 0/0 17:04 1:58 0:00
Oskar Osala 0 0 0 0 0 0 1 1 0 0 0/0 8:16 0:00 0:00
Pavel Datsyuk 0 2 2 0 0 2 3 1 1 1 3/10 17:04 1:58 0:00
Ryane Clowe 1 0 1 0 0 2 3 0 0 0 1/1 17:39 1:58 0:35
T.J. Hensick 0 0 0 0 0 1 3 0 1 0 2/2 8:16 0:00 0:00
Ted Purcell 1 1 2 0 0 3 1 0 1 1 2/3 20:07 2:51 0:00
3 Stars
1 - Damien Brunner (SJS)
2 - Frans Nielsen (SJS)
3 - Erik Cole (SJS)
Power Play
Panthers - 0 on 2 Attempt(s) - 0.00%
Sharks - 2 on 4 Attempt(s) - 50.00%
Penalty Kill
Panthers - 2 on 4 Attempt(s) - 50.00%
- Score 0 goal in Penalty Kill
Sharks - 2 on 2 Attempt(s) - 100.00%
- Score 0 goal in Penalty Kill
Team Stat
Panthers - Hits : 21 - Faceoff Wins : 22 - Blocked Shots : 17 - Penalty Minutes : 8
Sharks - Hits : 29 - Faceoff Wins : 32 - Blocked Shots : 13 - Penalty Minutes : 4
Official
Referees : Jackson Dave and StLaurent Francois
Linesman : Shane Heyer and Bryan Pancich
Game Notes
Antti Niemi enters game at 4:14 of 2nd period
Finance
Level 1 -- Attendance: 4276 (71.27%) -- Ticket Income $406,220
Level 2 -- Attendance: 3172 (63.44%) -- Ticket Income $206,180
Level 3 -- Attendance: 1143 (57.15%) -- Ticket Income $51,435
Level 4 -- Attendance: 3857 (96.43%) -- Ticket Income $96,425
Luxury Box -- Attendance: 683 (68.30%) -- Ticket Income $126,355
Game was played at the Hockey Place Center.
Total Attendance: 13131 (72.95%)
Total Ticket Income: $886,615
Other Income: $132,992
Total Income: $1,019,607
Panthers
5 vs 5 Forward
Center Left Wing Right Wing Time % Phy DF OF
1 Cory Emmerton Daniel Sedin Drew Stafford 40 1 2 2
2 Brayden Schenn Jeff Tambellini Tomas Kopecky 30 1 2 2
3 Shawn Horcoff Patrick Marleau Alexander Perezhogin 20 1 2 2
4 Jonathan Matsumoto Daniel Paille George Parros 10 1 2 2
5 vs 5 Defense
Defense Defense Time % Phy DF OF
1 Ian White Michal Rozsival 40 1 2 2
2 Brendan Smith Erik Gudbranson 30 1 2 2
3 Jonathan Sigalet Matthew Spiller 20 1 2 2
4 Ian White Michal Rozsival 10 1 2 2
PowerPlay Forward
Center Left Wing Right Wing Time % Phy DF OF
1 Cory Emmerton Daniel Sedin Drew Stafford 60 1 2 2
2 Brayden Schenn Jeff Tambellini Tomas Kopecky 40 1 2 2
PowerPlay Defense
Defense Defense Time % Phy DF OF
1 Ian White Michal Rozsival 60 1 2 2
2 Brendan Smith Erik Gudbranson 40 1 2 2
Penalty Kill 4 Players Forward
Center Wing Time % Phy DF OF
1 Brayden Schenn Drew Stafford 60 1 2 2
2 Shawn Horcoff Patrick Marleau 40 1 2 2
Penalty Kill 4 Players Defense
Defense Defense Time % Phy DF OF
1 Brendan Smith Michal Rozsival 60 1 2 2
2 Matthew Spiller Jonathan Sigalet 40 1 2 2
Penalty Kill - 3 Players Forward
Forward Time % Phy DF OF
1 Brayden Schenn 60 1 2 2
2 Drew Stafford 40 1 2 2
Penalty Kill - 3 Players Defense
Defense Defense Time % Phy DF OF
1 Brendan Smith Michal Rozsival 60 1 2 2
2 Matthew Spiller Jonathan Sigalet 40 1 2 2
4 vs 4 Forward
Center Wing Time % Phy DF OF
1 Cory Emmerton Daniel Sedin 60 1 2 2
2 Brayden Schenn Tomas Kopecky 40 1 2 2
4 vs 4 Defense
Defense Defense Time % Phy DF OF
1 Ian White Michal Rozsival 60 1 2 2
2 Brendan Smith Erik Gudbranson 40 1 2 2
Last Minutes Offensive
Center Left Wing Right Wing Defense Defense
Cory Emmerton Daniel Sedin Drew Stafford Ian White Brendan Smith
Last Minutes Defensive
Center Left Wing Right Wing Defense Defense
Brayden Schenn Patrick Marleau Drew Stafford Brendan Smith Michal Rozsival
Goaltenders
Starting : Petr Mrazek
Backup : Antti Niemi
Extra Forwards
Normal : Brayden Schenn, Patrick Marleau, Cory Emmerton - PP : Patrick Marleau, Daniel Sedin - PK : Shawn Horcoff
Extra Defensemen
Normal : Ian White, Brendan Smith, Michal Rozsival - PP : Jonathan Sigalet - PK : Matthew Spiller, Erik Gudbranson
Penalty Shots
Patrick Marleau, Jeff Tambellini, Daniel Sedin, Jonathan Matsumoto, Shawn Horcoff
Scratches
Guillaume Latendresse (Right Ankle Injury), Pavel Kubina (Healthy)
Sharks
5 vs 5 Forward
Center Left Wing Right Wing Time % Phy DF OF
1 David Legwand Ted Purcell Maxim Afinogenov 40 1 2 2
2 Pavel Datsyuk Ryane Clowe Nick Palmieri 30 1 2 2
3 Frans Nielsen Erik Cole Damien Brunner 20 1 2 2
4 T.J. Hensick Oskar Osala Jiri Tlusty 10 1 2 2
5 vs 5 Defense
Defense Defense Time % Phy DF OF
1 Kevin Shattenkirk Mark Stuart 40 1 2 2
2 Andrej Sekera Chris Campoli 30 1 2 2
3 Maxim Kondratiev Mark Giordano 20 1 2 2
4 Kevin Shattenkirk Mark Stuart 10 1 2 2
PowerPlay Forward
Center Left Wing Right Wing Time % Phy DF OF
1 David Legwand Ted Purcell Maxim Afinogenov 60 1 2 2
2 Pavel Datsyuk Ryane Clowe Nick Palmieri 40 1 2 2
PowerPlay Defense
Defense Defense Time % Phy DF OF
1 Kevin Shattenkirk Mark Stuart 60 1 2 2
2 Andrej Sekera Chris Campoli 40 1 2 2
Penalty Kill 4 Players Forward
Center Wing Time % Phy DF OF
1 David Legwand Erik Cole 60 1 2 2
2 Frans Nielsen Maxim Afinogenov 40 1 2 2
Penalty Kill 4 Players Defense
Defense Defense Time % Phy DF OF
1 Kevin Shattenkirk Mark Stuart 60 1 2 2
2 Andrej Sekera Maxim Kondratiev 40 1 2 2
Penalty Kill - 3 Players Forward
Forward Time % Phy DF OF
1 Erik Cole 60 1 2 2
2 Pavel Datsyuk 40 1 2 2
Penalty Kill - 3 Players Defense
Defense Defense Time % Phy DF OF
1 Kevin Shattenkirk Mark Stuart 60 1 2 2
2 Andrej Sekera Maxim Kondratiev 40 1 2 2
4 vs 4 Forward
Center Wing Time % Phy DF OF
1 David Legwand Pavel Datsyuk 60 1 2 2
2 Frans Nielsen Maxim Afinogenov 40 1 2 2
4 vs 4 Defense
Defense Defense Time % Phy DF OF
1 Kevin Shattenkirk Mark Stuart 60 1 2 2
2 Andrej Sekera Chris Campoli 40 1 2 2
Last Minutes Offensive
Center Left Wing Right Wing Defense Defense
David Legwand Ted Purcell Maxim Afinogenov Kevin Shattenkirk Mark Stuart
Last Minutes Defensive
Center Left Wing Right Wing Defense Defense
David Legwand Ted Purcell Maxim Afinogenov Maxim Kondratiev Mark Stuart
Goaltenders
Starting : Tyler Weiman
Backup : Brent Krahn
Extra Forwards
Normal : T.J. Hensick, Erik Cole, Damien Brunner - PP : T.J. Hensick, Erik Cole - PK : Damien Brunner
Extra Defensemen
Normal : Maxim Kondratiev, Mark Giordano, Andrej Sekera - PP : Maxim Kondratiev - PK : Mark Giordano, Andrej Sekera
Penalty Shots
David Legwand, Pavel Datsyuk, Frans Nielsen, Maxim Afinogenov, Ted Purcell
Scratches
Martin Erat (Healthy), Patrik Elias (Healthy), Rob Schremp (Healthy), Brendon Nash (Healthy), Justin Pogge (Healthy)
% Time on Ice - Panthers
Lines # - Real PCT - Wanted PCT - Time Play
Normal Forward
1 - 33% - 40% - 17:07
2 - 26% - 30% - 13:21
3 - 26% - 20% - 13:32
4 - 16% - 10% - 8:07
Normal Defense
1 - 35% - 40% - 18:25
2 - 32% - 30% - 16:30
3 - 27% - 20% - 14:15
4 - 6% - 10% - 2:57
PP Forward
1 - 49% - 60% - 1:31
2 - 51% - 40% - 1:33
PP Defense
1 - 51% - 60% - 1:33
2 - 49% - 40% - 1:31
PK Forward
1 - 84% - 60% - 4:04
2 - 16% - 40% - 0:45
PK Defense
1 - 66% - 60% - 3:10
2 - 34% - 40% - 1:39
PK3 Forward
1 - 0% - 60%
2 - 0% - 40%
PK3 Defense
1 - 0% - 60%
2 - 0% - 40%
44 Forward
1 - 0% - 60%
2 - 0% - 40%
44 Defense
1 - 0% - 60%
2 - 0% - 40%
Last Minute Offensive - 0:00
Last Minute Defensive - 0:00
Total
Forward - 60:00
Defense - 60:00
|
% Time on Ice - Sharks
Lines # - Real PCT - Wanted PCT - Time Play
Normal Forward
1 - 33% - 40% - 17:16
2 - 30% - 30% - 15:23
3 - 21% - 20% - 11:12
4 - 16% - 10% - 8:16
Normal Defense
1 - 37% - 40% - 19:09
2 - 32% - 30% - 16:52
3 - 25% - 20% - 13:12
4 - 6% - 10% - 2:54
PP Forward
1 - 59% - 60% - 2:51
2 - 41% - 40% - 1:58
PP Defense
1 - 67% - 60% - 3:15
2 - 33% - 40% - 1:34
PK Forward
1 - 79% - 60% - 2:26
2 - 21% - 40% - 0:38
PK Defense
1 - 67% - 60% - 2:03
2 - 33% - 40% - 1:01
PK3 Forward
1 - 0% - 60%
2 - 0% - 40%
PK3 Defense
1 - 0% - 60%
2 - 0% - 40%
44 Forward
1 - 0% - 60%
2 - 0% - 40%
44 Defense
1 - 0% - 60%
2 - 0% - 40%
Last Minute Offensive - 0:00
Last Minute Defensive - 0:00
Total
Forward - 60:00
Defense - 60:00
|
Play by Play
1st period
0:01 of 1st period - David Legwand wins face-off versus Cory Emmerton in neutral zone.
0:04 of 1st period - Michal Rozsival is hit by Maxim Afinogenov.
0:51 of 1st period - Ian White is hit by T.J. Hensick and loses puck.
1:00 of 1st period - Wrist shot by Jiri Tlusty.
1:00 of 1st period - Stopped by Petr Mrazek without a rebound.
1:01 of 1st period - Frans Nielsen wins face-off versus Shawn Horcoff in Panthers zone.
1:04 of 1st period - Snap shot by Damien Brunner.
1:04 of 1st period - Shot Misses the Net.
1:20 of 1st period - Erik Cole is hit by Brendan Smith and loses puck.
1:31 of 1st period - Daniel Sedin is hit by Mark Giordano and loses puck.
2:06 of 1st period - Snap shot by Brendan Smith.
2:06 of 1st period - Deflect By Jonathan Matsumoto.
2:06 of 1st period - Shot Misses the Net.
2:06 of 1st period - Puck is out of play.
2:07 of 1st period - David Legwand wins face-off versus Brayden Schenn in Sharks zone.
2:07 of 1st period - David Legwand is hit by Matthew Spiller.
2:17 of 1st period - Wrist shot by David Legwand.
2:17 of 1st period - Shot Blocked by Brayden Schenn.
2:56 of 1st period - Snap shot by T.J. Hensick.
2:56 of 1st period - Shot Misses the Net.
3:00 of 1st period - Wrist shot by Jiri Tlusty.
3:00 of 1st period - Deflect By T.J. Hensick.
3:00 of 1st period - Shot Blocked by Ian White.
3:00 of 1st period - Puck is out of play.
3:01 of 1st period - Drew Stafford wins face-off versus Frans Nielsen in Panthers zone.
3:07 of 1st period - Off-side.
3:08 of 1st period - Frans Nielsen wins face-off versus Cory Emmerton in neutral zone.
3:29 of 1st period - Minor Penalty to Daniel Sedin for Hooking.
3:30 of 1st period - Brayden Schenn wins face-off versus David Legwand in Panthers zone.
3:46 of 1st period - Off-side.
3:47 of 1st period - Pavel Datsyuk wins face-off versus Brayden Schenn in neutral zone.
3:54 of 1st period - Slapshot by Kevin Shattenkirk.
3:54 of 1st period - Deflect By Brayden Schenn.
3:54 of 1st period - Stopped by Petr Mrazek with a rebound.
5:29 of 1st period - Penalty to Daniel Sedin is over, Daniel Sedin is back on ice.
6:04 of 1st period - Snap shot by T.J. Hensick.
6:04 of 1st period - Shot Misses the Net.
6:06 of 1st period - Snap shot by Chris Campoli.
6:06 of 1st period - Stopped by Petr Mrazek without a rebound.
6:07 of 1st period - Pavel Datsyuk wins face-off versus Jonathan Matsumoto in Panthers zone.
6:55 of 1st period - Snap shot by Daniel Paille.
6:55 of 1st period - Shot Blocked by Kevin Shattenkirk.
7:14 of 1st period - Minor Penalty to Jonathan Sigalet for High sticking.
7:15 of 1st period - Brayden Schenn wins face-off versus Ted Purcell in Panthers zone.
7:27 of 1st period - Snap shot by David Legwand.
7:27 of 1st period - Goal by David Legwand - Panthers : 0 - Sharks : 1.
7:28 of 1st period - David Legwand wins face-off versus Cory Emmerton in neutral zone.
7:33 of 1st period - Wrist shot by Ted Purcell.
7:33 of 1st period - Stopped by Petr Mrazek with a rebound.
7:35 of 1st period - Slapshot by Chris Campoli.
7:35 of 1st period - Shot Blocked by Brendan Smith.
7:45 of 1st period - Snap shot by David Legwand.
7:45 of 1st period - Stopped by Petr Mrazek with a rebound.
7:55 of 1st period - Chris Campoli is hit by Brayden Schenn.
8:07 of 1st period - Slapshot by Brayden Schenn.
8:07 of 1st period - Shot Misses the Net.
8:33 of 1st period - Chris Campoli is hit by Ian White and loses puck.
9:49 of 1st period - Snap shot by Brayden Schenn.
9:49 of 1st period - Shot Blocked by Kevin Shattenkirk.
10:15 of 1st period - Jonathan Sigalet is hit by Mark Stuart and loses puck.
10:31 of 1st period - Slapshot by Mark Stuart.
10:31 of 1st period - Stopped by Petr Mrazek with a rebound.
10:51 of 1st period - Wrist shot by Shawn Horcoff.
10:51 of 1st period - Shot Misses the Net.
11:13 of 1st period - Wrist shot by Damien Brunner.
11:13 of 1st period - Goal by Damien Brunner - Panthers : 0 - Sharks : 2.
11:14 of 1st period - David Legwand wins face-off versus Cory Emmerton in neutral zone.
11:17 of 1st period - Snap shot by Ted Purcell.
11:17 of 1st period - Shot Misses the Net.
11:19 of 1st period - Wrist shot by Maxim Afinogenov.
11:19 of 1st period - Shot Blocked by Daniel Sedin.
11:21 of 1st period - Wrist shot by Maxim Afinogenov.
11:21 of 1st period - Stopped by Petr Mrazek with a rebound.
11:23 of 1st period - Slapshot by Maxim Kondratiev.
11:23 of 1st period - Shot Blocked by Michal Rozsival.
11:25 of 1st period - Slapshot by Mark Giordano.
11:25 of 1st period - Shot Misses the Net.
11:29 of 1st period - Slapshot by Maxim Afinogenov.
11:29 of 1st period - Shot Misses the Net.
11:31 of 1st period - Wrist shot by Ted Purcell.
11:31 of 1st period - Shot Misses the Net.
11:41 of 1st period - Ryane Clowe is hit by Brayden Schenn and loses puck.
12:06 of 1st period - Snap shot by Brendan Smith.
12:06 of 1st period - Shot Misses the Net.
12:16 of 1st period - Erik Gudbranson is hit by Erik Cole and loses puck.
12:27 of 1st period - Wrist shot by George Parros.
12:27 of 1st period - Shot Blocked by Maxim Kondratiev.
12:29 of 1st period - Slapshot by Erik Gudbranson.
12:29 of 1st period - Shot Misses the Net.
12:33 of 1st period - Wrist shot by George Parros.
12:33 of 1st period - Shot Misses the Net.
12:35 of 1st period - Snap shot by Daniel Paille.
12:35 of 1st period - Stopped by Tyler Weiman without a rebound.
12:36 of 1st period - Ryane Clowe wins face-off versus Cory Emmerton in Sharks zone.
12:45 of 1st period - Andrej Sekera is hit by Daniel Sedin and loses puck.
13:02 of 1st period - Brayden Schenn is hit by Chris Campoli and loses puck.
13:37 of 1st period - Snap shot by Brayden Schenn.
13:37 of 1st period - Shot Blocked by Mark Giordano.
13:41 of 1st period - Snap shot by Brayden Schenn.
13:41 of 1st period - Stopped by Tyler Weiman with a rebound.
13:53 of 1st period - Wrist shot by Tomas Kopecky.
13:53 of 1st period - Stopped by Tyler Weiman with a rebound.
13:55 of 1st period - Wrist shot by Jeff Tambellini.
13:55 of 1st period - Stopped by Tyler Weiman with a rebound.
13:57 of 1st period - Slapshot by Jonathan Sigalet.
13:57 of 1st period - Stopped by Tyler Weiman with a rebound.
13:59 of 1st period - Snap shot by Brayden Schenn.
13:59 of 1st period - Shot Misses the Net.
14:01 of 1st period - Snap shot by Brayden Schenn.
14:01 of 1st period - Stopped by Tyler Weiman with a rebound.
14:28 of 1st period - Wrist shot by Tomas Kopecky.
14:28 of 1st period - Stopped by Tyler Weiman with a rebound.
14:30 of 1st period - Slapshot by Jonathan Sigalet.
14:30 of 1st period - Stopped by Tyler Weiman without a rebound.
14:31 of 1st period - Pavel Datsyuk wins face-off versus Cory Emmerton in Sharks zone.
15:02 of 1st period - Wrist shot by Patrick Marleau.
15:02 of 1st period - Shot Blocked by Chris Campoli.
15:04 of 1st period - Snap shot by Patrick Marleau.
15:04 of 1st period - Shot Misses the Net.
15:06 of 1st period - Snap shot by Michal Rozsival.
15:06 of 1st period - Stopped by Tyler Weiman with a rebound.
15:08 of 1st period - Wrist shot by Ian White.
15:08 of 1st period - Stopped by Tyler Weiman with a rebound.
15:10 of 1st period - Slapshot by Michal Rozsival.
15:10 of 1st period - Shot Misses the Net.
15:20 of 1st period - Backhand shot by Jonathan Matsumoto.
15:20 of 1st period - Deflect By Chris Campoli.
15:20 of 1st period - Stopped by Tyler Weiman without a rebound.
15:21 of 1st period - T.J. Hensick wins face-off versus Daniel Paille in Sharks zone.
16:14 of 1st period - Slapshot by Damien Brunner.
16:14 of 1st period - Shot Blocked by Patrick Marleau.
17:11 of 1st period - Ted Purcell is hit by Ian White and loses puck.
17:37 of 1st period - Slapshot by Michal Rozsival.
17:37 of 1st period - Stopped by Tyler Weiman with a rebound.
17:51 of 1st period - Wrist shot by Shawn Horcoff.
17:51 of 1st period - Shot Blocked by Oskar Osala.
18:24 of 1st period - Off-side.
18:25 of 1st period - Brayden Schenn wins face-off versus Pavel Datsyuk in neutral zone.
18:35 of 1st period - Off-side.
18:36 of 1st period - David Legwand wins face-off versus Cory Emmerton in neutral zone.
19:01 of 1st period - Wrist shot by Jeff Tambellini.
19:01 of 1st period - Shot Blocked by Kevin Shattenkirk.
19:03 of 1st period - Slapshot by Jonathan Sigalet.
19:03 of 1st period - Stopped by Tyler Weiman with a rebound.
19:05 of 1st period - Wrist shot by Brayden Schenn.
19:05 of 1st period - Stopped by Tyler Weiman with a rebound.
19:07 of 1st period - Wrist shot by Jeff Tambellini.
19:07 of 1st period - Stopped by Tyler Weiman with a rebound.
19:09 of 1st period - Slapshot by Jeff Tambellini.
19:09 of 1st period - Goal by Jeff Tambellini - Panthers : 1 - Sharks : 2.
19:10 of 1st period - Cory Emmerton wins face-off versus David Legwand in neutral zone.
19:58 of 1st period - Minor Penalty to Jeff Tambellini for Hooking.
19:59 of 1st period - David Legwand wins face-off versus Brayden Schenn in Panthers zone.
Goals for this period are 1 for Panthers vs 2 for Sharks.
Shots for this period are 16 for Panthers vs 9 for Sharks.
2nd period
0:01 of 2nd period - David Legwand wins face-off versus Brayden Schenn in neutral zone.
0:07 of 2nd period - David Legwand is hit by Brendan Smith and loses puck.
0:32 of 2nd period - Snap shot by Pavel Datsyuk.
0:32 of 2nd period - Stopped by Petr Mrazek with a rebound.
0:34 of 2nd period - Slapshot by Mark Stuart.
0:34 of 2nd period - Stopped by Petr Mrazek with a rebound.
0:36 of 2nd period - Wrist shot by Nick Palmieri.
0:36 of 2nd period - Goal by Nick Palmieri - Panthers : 1 - Sharks : 3.
0:37 of 2nd period - Shawn Horcoff wins face-off versus David Legwand in neutral zone.
1:03 of 2nd period - Cory Emmerton is hit by Ryane Clowe and loses puck.
1:30 of 2nd period - Slapshot by Ian White.
1:30 of 2nd period - Deflect By Brayden Schenn.
1:30 of 2nd period - Shot Misses the Net.
1:30 of 2nd period - Puck is out of play.
1:31 of 2nd period - Brayden Schenn wins face-off versus David Legwand in Sharks zone.
2:23 of 2nd period - Jonathan Sigalet is hit by T.J. Hensick and loses puck.
3:16 of 2nd period - Slapshot by David Legwand.
3:16 of 2nd period - Stopped by Petr Mrazek with a rebound.
3:47 of 2nd period - Ian White is hit by Pavel Datsyuk and loses puck.
4:14 of 2nd period - Snap shot by Ted Purcell.
4:14 of 2nd period - Goal by Ted Purcell - Panthers : 1 - Sharks : 4.
4:14 of 2nd period - Antti Niemi enters game.
4:15 of 2nd period - David Legwand wins face-off versus Brayden Schenn in neutral zone.
4:18 of 2nd period - Wrist shot by Kevin Shattenkirk.
4:18 of 2nd period - Shot Blocked by Brendan Smith.
4:20 of 2nd period - Wrist shot by Maxim Afinogenov.
4:20 of 2nd period - Shot Blocked by Erik Gudbranson.
4:22 of 2nd period - Wrist shot by Maxim Afinogenov.
4:22 of 2nd period - Stopped by Antti Niemi without a rebound.
4:23 of 2nd period - Brayden Schenn wins face-off versus David Legwand in Panthers zone.
4:50 of 2nd period - Patrick Marleau is hit by Ryane Clowe and loses puck.
5:11 of 2nd period - Snap shot by Erik Cole.
5:11 of 2nd period - Deflect By Damien Brunner.
5:11 of 2nd period - Shot Blocked by Erik Gudbranson.
5:11 of 2nd period - Puck is out of play.
5:12 of 2nd period - Frans Nielsen wins face-off versus Jonathan Matsumoto in Panthers zone.
5:17 of 2nd period - Snap shot by Frans Nielsen.
5:17 of 2nd period - Shot Misses the Net.
5:19 of 2nd period - Snap shot by Frans Nielsen.
5:19 of 2nd period - Shot Blocked by Ian White.
5:21 of 2nd period - Wrist shot by Chris Campoli.
5:21 of 2nd period - Stopped by Antti Niemi with a rebound.
5:23 of 2nd period - Wrist shot by Damien Brunner.
5:23 of 2nd period - Stopped by Antti Niemi with a rebound.
5:25 of 2nd period - Slapshot by Damien Brunner.
5:25 of 2nd period - Shot Blocked by Jonathan Matsumoto.
5:27 of 2nd period - Wrist shot by Erik Cole.
5:27 of 2nd period - Shot Misses the Net.
5:29 of 2nd period - Slapshot by Erik Cole.
5:29 of 2nd period - Stopped by Antti Niemi without a rebound.
5:30 of 2nd period - Cory Emmerton wins face-off versus David Legwand in Panthers zone.
5:30 of 2nd period - Cory Emmerton is hit by Ted Purcell.
5:38 of 2nd period - Wrist shot by Cory Emmerton.
5:38 of 2nd period - Shot Misses the Net.
5:43 of 2nd period - Off-side.
5:44 of 2nd period - David Legwand wins face-off versus Cory Emmerton in neutral zone.
5:55 of 2nd period - Slapshot by Ian White.
5:55 of 2nd period - Shot Misses the Net.
5:57 of 2nd period - Snap shot by Michal Rozsival.
5:57 of 2nd period - Stopped by Tyler Weiman without a rebound.
5:58 of 2nd period - David Legwand wins face-off versus Brayden Schenn in Sharks zone.
7:44 of 2nd period - Brendan Smith is hit by Pavel Datsyuk and loses puck.
8:15 of 2nd period - Snap shot by Pavel Datsyuk.
8:15 of 2nd period - Shot Misses the Net.
8:31 of 2nd period - Wrist shot by Pavel Datsyuk.
8:31 of 2nd period - Deflect By Ryane Clowe.
8:31 of 2nd period - Stopped by Antti Niemi without a rebound.
8:32 of 2nd period - David Legwand wins face-off versus Drew Stafford in Panthers zone.
9:14 of 2nd period - Brayden Schenn is hit by Damien Brunner and loses puck.
9:48 of 2nd period - Wrist shot by Cory Emmerton.
9:48 of 2nd period - Shot Misses the Net.
10:14 of 2nd period - Mark Giordano is hit by Jeff Tambellini and loses puck.
10:29 of 2nd period - Backhand shot by Drew Stafford.
10:29 of 2nd period - Stopped by Tyler Weiman without a rebound.
10:30 of 2nd period - Frans Nielsen wins face-off versus Shawn Horcoff in Sharks zone.
11:12 of 2nd period - Brendan Smith is hit by Maxim Afinogenov and loses puck.
11:38 of 2nd period - Ryane Clowe is hit by Jonathan Matsumoto.
11:58 of 2nd period - Wrist shot by T.J. Hensick.
11:58 of 2nd period - Stopped by Antti Niemi with a rebound.
13:00 of 2nd period - Slapshot by Jeff Tambellini.
13:00 of 2nd period - Shot Misses the Net.
13:02 of 2nd period - Wrist shot by Brayden Schenn.
13:02 of 2nd period - Stopped by Tyler Weiman without a rebound.
13:03 of 2nd period - Brayden Schenn wins face-off versus David Legwand in Sharks zone.
13:14 of 2nd period - Wrist shot by Jeff Tambellini.
13:14 of 2nd period - Stopped by Tyler Weiman without a rebound.
13:15 of 2nd period - David Legwand wins face-off versus Daniel Sedin in Sharks zone.
13:40 of 2nd period - Pavel Datsyuk is hit by Michal Rozsival and loses puck.
13:53 of 2nd period - Mark Stuart is hit by Brayden Schenn.
15:01 of 2nd period - Snap shot by Daniel Sedin.
15:01 of 2nd period - Goal by Daniel Sedin - Panthers : 2 - Sharks : 4.
15:02 of 2nd period - David Legwand wins face-off versus Cory Emmerton in neutral zone.
15:27 of 2nd period - Brayden Schenn is hit by Mark Stuart and loses puck.
15:50 of 2nd period - Snap shot by Kevin Shattenkirk.
15:50 of 2nd period - Shot Misses the Net.
15:56 of 2nd period - Kevin Shattenkirk is hit by Patrick Marleau and loses puck.
16:29 of 2nd period - Snap shot by Jeff Tambellini.
16:29 of 2nd period - Deflect By David Legwand.
16:29 of 2nd period - Stopped by Tyler Weiman without a rebound.
16:30 of 2nd period - Ted Purcell wins face-off versus Brayden Schenn in Sharks zone.
16:30 of 2nd period - Ted Purcell is hit by Jeff Tambellini.
17:04 of 2nd period - Wrist shot by Pavel Datsyuk.
17:04 of 2nd period - Stopped by Antti Niemi without a rebound.
17:05 of 2nd period - Cory Emmerton wins face-off versus David Legwand in Panthers zone.
17:05 of 2nd period - Cory Emmerton is hit by Maxim Afinogenov.
17:31 of 2nd period - Ian White is hit by Maxim Kondratiev and loses puck.
18:18 of 2nd period - Slapshot by Patrick Marleau.
18:18 of 2nd period - Deflect By Kevin Shattenkirk.
18:18 of 2nd period - Shot Misses the Net.
18:18 of 2nd period - Puck is out of play.
18:19 of 2nd period - Shawn Horcoff wins face-off versus David Legwand in Sharks zone.
18:45 of 2nd period - Erik Gudbranson is hit by Kevin Shattenkirk.
18:55 of 2nd period - Wrist shot by Frans Nielsen.
18:55 of 2nd period - Shot Misses the Net.
18:57 of 2nd period - Snap shot by Erik Cole.
18:57 of 2nd period - Stopped by Antti Niemi with a rebound.
19:18 of 2nd period - Snap shot by Patrick Marleau.
19:18 of 2nd period - Stopped by Tyler Weiman with a rebound.
19:38 of 2nd period - Slapshot by Alexander Perezhogin.
19:38 of 2nd period - Shot Misses the Net.
19:40 of 2nd period - Slapshot by Jonathan Sigalet.
19:40 of 2nd period - Shot Hit the Post.
19:58 of 2nd period - Patrick Marleau is hit by T.J. Hensick and loses puck.
Goals for this period are 1 for Panthers vs 2 for Sharks.
Shots for this period are 7 for Panthers vs 13 for Sharks.
3rd period
0:01 of 3rd period - David Legwand wins face-off versus Cory Emmerton in neutral zone.
0:51 of 3rd period - Wrist shot by Damien Brunner.
0:51 of 3rd period - Stopped by Antti Niemi with a rebound.
0:53 of 3rd period - Snap shot by Erik Cole.
0:53 of 3rd period - Goal by Erik Cole - Panthers : 2 - Sharks : 5.
0:54 of 3rd period - Ted Purcell wins face-off versus Daniel Sedin in neutral zone.
1:19 of 3rd period - Tomas Kopecky is hit by Mark Stuart and loses puck.
1:26 of 3rd period - Nick Palmieri is hit by Brayden Schenn and loses puck.
1:39 of 3rd period - Erik Cole is hit by Alexander Perezhogin and loses puck.
2:03 of 3rd period - Slapshot by George Parros.
2:03 of 3rd period - Shot Misses the Net.
2:05 of 3rd period - Wrist shot by Jonathan Matsumoto.
2:05 of 3rd period - Deflect By Daniel Paille.
2:05 of 3rd period - Stopped by Tyler Weiman without a rebound.
2:06 of 3rd period - David Legwand wins face-off versus Cory Emmerton in Sharks zone.
2:34 of 3rd period - Jeff Tambellini is hit by Maxim Kondratiev.
2:40 of 3rd period - Slapshot by Brayden Schenn.
2:40 of 3rd period - Deflect By Jeff Tambellini.
2:40 of 3rd period - Shot Blocked by Mark Giordano.
2:40 of 3rd period - Puck is out of play.
2:41 of 3rd period - Brayden Schenn wins face-off versus Pavel Datsyuk in Sharks zone.
2:56 of 3rd period - Wrist shot by Brendan Smith.
2:56 of 3rd period - Stopped by Tyler Weiman with a rebound.
3:06 of 3rd period - Brendan Smith is hit by Mark Stuart.
3:14 of 3rd period - Slapshot by Michal Rozsival.
3:14 of 3rd period - Shot Misses the Net.
3:16 of 3rd period - Snap shot by Drew Stafford.
3:16 of 3rd period - Stopped by Tyler Weiman without a rebound.
3:17 of 3rd period - Brayden Schenn wins face-off versus Pavel Datsyuk in Sharks zone.
3:53 of 3rd period - Snap shot by David Legwand.
3:53 of 3rd period - Shot Blocked by Michal Rozsival.
4:31 of 3rd period - Slapshot by Kevin Shattenkirk.
4:31 of 3rd period - Stopped by Antti Niemi with a rebound.
4:35 of 3rd period - Snap shot by Jiri Tlusty.
4:35 of 3rd period - Stopped by Antti Niemi without a rebound.
4:36 of 3rd period - Cory Emmerton wins face-off versus David Legwand in Panthers zone.
4:47 of 3rd period - Slapshot by Daniel Sedin.
4:47 of 3rd period - Stopped by Tyler Weiman with a rebound.
4:49 of 3rd period - Slapshot by Cory Emmerton.
4:49 of 3rd period - Shot Blocked by David Legwand.
4:51 of 3rd period - Snap shot by Cory Emmerton.
4:51 of 3rd period - Stopped by Tyler Weiman with a rebound.
5:56 of 3rd period - Cory Emmerton is hit by Oskar Osala and loses puck.
6:32 of 3rd period - Slapshot by Matthew Spiller.
6:32 of 3rd period - Stopped by Tyler Weiman with a rebound.
6:38 of 3rd period - Brayden Schenn is hit by Pavel Datsyuk and loses puck.
7:33 of 3rd period - Ted Purcell is hit by Michal Rozsival and loses puck.
7:42 of 3rd period - Wrist shot by Shawn Horcoff.
7:42 of 3rd period - Stopped by Tyler Weiman with a rebound.
8:06 of 3rd period - Wrist shot by Brayden Schenn.
8:06 of 3rd period - Shot Misses the Net.
8:39 of 3rd period - Minor Penalty to Jiri Tlusty for Hooking.
8:40 of 3rd period - Cory Emmerton wins face-off versus David Legwand in Sharks zone.
8:54 of 3rd period - Snap shot by Drew Stafford.
8:54 of 3rd period - Shot Blocked by Mark Stuart.
8:56 of 3rd period - Snap shot by Drew Stafford.
8:56 of 3rd period - Shot Blocked by Mark Stuart.
10:07 of 3rd period - Ian White is hit by Frans Nielsen and loses puck.
10:26 of 3rd period - Erik Cole is hit by Tomas Kopecky and loses puck.
10:39 of 3rd period - Penalty to Jiri Tlusty is over, Jiri Tlusty is back on ice.
10:55 of 3rd period - Wrist shot by Frans Nielsen.
10:55 of 3rd period - Stopped by Antti Niemi without a rebound.
10:56 of 3rd period - Jonathan Matsumoto wins face-off versus Pavel Datsyuk in Panthers zone.
11:01 of 3rd period - Wrist shot by Daniel Paille.
11:01 of 3rd period - Stopped by Tyler Weiman without a rebound.
11:02 of 3rd period - Jonathan Matsumoto wins face-off versus Pavel Datsyuk in Sharks zone.
11:03 of 3rd period - Wrist shot by George Parros.
11:03 of 3rd period - Stopped by Tyler Weiman with a rebound.
11:09 of 3rd period - Backhand shot by Pavel Datsyuk.
11:09 of 3rd period - Shot Blocked by Daniel Paille.
11:11 of 3rd period - Slapshot by Ryane Clowe.
11:11 of 3rd period - Goal by Ryane Clowe - Panthers : 2 - Sharks : 6.
11:12 of 3rd period - Drew Stafford wins face-off versus David Legwand in neutral zone.
13:10 of 3rd period - Slapshot by Jonathan Sigalet.
13:10 of 3rd period - Deflect By Patrick Marleau.
13:10 of 3rd period - Shot Blocked by Mark Stuart.
13:10 of 3rd period - Puck is out of play.
13:11 of 3rd period - T.J. Hensick wins face-off versus Patrick Marleau in Sharks zone.
13:36 of 3rd period - Tomas Kopecky is hit by Damien Brunner and loses puck.
13:55 of 3rd period - Snap shot by Ted Purcell.
13:55 of 3rd period - Shot Blocked by Erik Gudbranson.
13:57 of 3rd period - Snap shot by David Legwand.
13:57 of 3rd period - Shot Misses the Net.
13:59 of 3rd period - Snap shot by David Legwand.
13:59 of 3rd period - Shot Blocked by Daniel Sedin.
14:01 of 3rd period - Wrist shot by Maxim Afinogenov.
14:01 of 3rd period - Deflect By Ted Purcell.
14:01 of 3rd period - Stopped by Antti Niemi with a rebound.
14:03 of 3rd period - Snap shot by David Legwand.
14:03 of 3rd period - Stopped by Antti Niemi without a rebound.
14:04 of 3rd period - David Legwand wins face-off versus Brayden Schenn in Panthers zone.
14:05 of 3rd period - Wrist shot by Ted Purcell.
14:05 of 3rd period - Shot Blocked by Tomas Kopecky.
14:52 of 3rd period - Snap shot by Frans Nielsen.
14:52 of 3rd period - Shot Misses the Net.
14:55 of 3rd period - Icing by Patrick Marleau.
14:56 of 3rd period - Frans Nielsen wins face-off versus Shawn Horcoff in Panthers zone.
15:09 of 3rd period - Erik Cole is hit by Erik Gudbranson and loses puck.
15:47 of 3rd period - Patrick Marleau is hit by David Legwand and loses puck.
16:03 of 3rd period - Minor Penalty to Erik Gudbranson for Hooking.
16:04 of 3rd period - David Legwand wins face-off versus Brayden Schenn in Panthers zone.
18:03 of 3rd period - Penalty to Erik Gudbranson is over, Erik Gudbranson is back on ice.
18:16 of 3rd period - Daniel Sedin is hit by Erik Cole and loses puck.
18:21 of 3rd period - Snap shot by Damien Brunner.
18:21 of 3rd period - Shot Blocked by Jonathan Sigalet.
18:23 of 3rd period - Snap shot by Frans Nielsen.
18:23 of 3rd period - Goal by Frans Nielsen - Panthers : 2 - Sharks : 7.
18:24 of 3rd period - Shawn Horcoff wins face-off versus Pavel Datsyuk in neutral zone.
18:29 of 3rd period - Slapshot by Ian White.
18:29 of 3rd period - Stopped by Tyler Weiman without a rebound.
18:30 of 3rd period - Shawn Horcoff wins face-off versus Pavel Datsyuk in Sharks zone.
18:30 of 3rd period - Shawn Horcoff is hit by Ryane Clowe.
18:34 of 3rd period - Slapshot by Patrick Marleau.
18:34 of 3rd period - Stopped by Tyler Weiman with a rebound.
18:36 of 3rd period - Wrist shot by Alexander Perezhogin.
18:36 of 3rd period - Shot Misses the Net.
18:38 of 3rd period - Snap shot by Patrick Marleau.
18:38 of 3rd period - Shot Blocked by Pavel Datsyuk.
18:40 of 3rd period - Backhand shot by Shawn Horcoff.
18:40 of 3rd period - Stopped by Tyler Weiman without a rebound.
18:41 of 3rd period - David Legwand wins face-off versus Cory Emmerton in Sharks zone.
18:41 of 3rd period - Kevin Shattenkirk is hit by Michal Rozsival.
18:45 of 3rd period - Backhand shot by Cory Emmerton.
18:45 of 3rd period - Shot Misses the Net.
18:47 of 3rd period - Wrist shot by Drew Stafford.
18:47 of 3rd period - Shot Misses the Net.
18:49 of 3rd period - Snap shot by Daniel Sedin.
18:49 of 3rd period - Stopped by Tyler Weiman with a rebound.
18:51 of 3rd period - Wrist shot by Drew Stafford.
18:51 of 3rd period - Stopped by Tyler Weiman without a rebound.
18:52 of 3rd period - David Legwand wins face-off versus Cory Emmerton in Sharks zone.
18:54 of 3rd period - Minor Penalty to Maxim Afinogenov for Hooking.
18:55 of 3rd period - Cory Emmerton wins face-off versus David Legwand in Sharks zone.
19:11 of 3rd period - Snap shot by David Legwand.
19:11 of 3rd period - Stopped by Antti Niemi with a rebound.
19:49 of 3rd period - Maxim Kondratiev is hit by Tomas Kopecky and loses puck.
Goals for this period are 0 for Panthers vs 3 for Sharks.
Shots for this period are 14 for Panthers vs 10 for Sharks.
Back to the Top